 Dungeon Crawl Stone Soup version 0.29-a0-551-gffc1d7fb78 (webtiles) character file.

Game seed: 4607765933055131234

145436 jlumianski the Carver (level 17, 0/92 HPs)
             Began as a Gargoyle Fighter on June 4, 2022.
             Was the Champion of Hepliaklqana.
             Succumbed to barbed spike wounds
             ... on level 4 of the Spider Nest on June 6, 2022.
             The game lasted 02:40:07 (31327 turns).

jlumianski the Carver (Gargoyle Fighter)           Turns: 31327, Time: 02:40:07

Health: 0/92       AC: 36    Str: 33    XL:     17   Next: 42%
Magic:  25/25      EV:  8    Int: 10    God:    Hepliaklqana [******]
Gold:   2667       SH: 16    Dex:  9    Spells: 16/16 levels left

rFire   . . .      SeeInvis .   H - +2 Maxwell's thermic engine {flame, freeze}
rCold   + . .      Faith    .   N - +0 kite shield {rC+}
rNeg    + . .      Spirit   .   F - +4 plate armour {rPois}
rPois   ∞          Reflect  +   L - +2 hat
rElec   +          Harm     .   S - scarf {shadows}
rCorr   .          Rampage  .   A - +1 pair of gloves
Will    +....      Rnd*Tele +   K - +2 pair of boots {Stlth+}
Stlth   ++........              p - amulet of reflection
HPRegen 0.25/turn               B - +6 ring of strength
MPRegen 0.19/turn               Q - +4 ring of protection

@: spiked, corroded, flying, studying Long Blades
A: reduced essence, sickness immunity, AC +12, big wings, negative energy
resistance 1, electricity resistance, torment resistance 1, petrification
resistance, claws 1, teleportitis 1
a: Renounce Religion, Recall Ancestor, Ancestor Identity, Transference, Idealise


You were on level 4 of the Spider Nest.
You worshipped Hepliaklqana.
Hepliaklqana was exalted by your worship.
You visited 5 branches of the dungeon, and saw 28 of its levels.
You visited the Abyss 1 time.
You also visited: Gauntlet and Ice Cave.

You collected 2979 gold pieces.
You spent 312 gold pieces at shops.

Inventory:

Hand Weapons
 v - a +2 long sword of holy wrath
 C - the +2 spear of Uskayaw's Grace {vamp, rElec Will+ SInv}
   (You took it off a spriggan on level 12 of the Dungeon)

   It occasionally heals its wielder for a portion of the damage dealt when it
   wounds a living foe.
   rElec:     It insulates you from electricity.
   SInv:      It lets you see invisible.
   Will:      It increases your willpower.
 H - the +2 Maxwell's thermic engine (weapon) {flame, freeze}
   (You found it on level 13 of the Dungeon)

   It burns those it strikes, dealing additional fire damage.
   Big, fiery blades are also staple armaments of hydra-hunters.
   It freezes those it strikes, dealing additional cold damage.
   It can also slow down cold-blooded creatures.
   It becomes more effective when it hits something.
   This effect fades over time.
Missiles
 e - 6 boomerangs of dispersal
 f - 2 boomerangs
 g - a throwing net
 q - 12 javelins
 x - 46 poisoned darts (quivered)
 V - 4 curare-tipped darts
Armour
 A - a +1 pair of gloves (worn)
 F - a +4 plate armour of poison resistance (worn)
 K - a +2 pair of boots of stealth (worn)
 L - a +2 hat (worn)
 N - a +0 kite shield of cold resistance (worn)
 S - a scarf of shadows (worn)
Jewellery
 b - a ring of protection from fire
 p - an amulet of reflection (around neck)
 B - a +6 ring of strength (left hand)
 J - a ring of willpower
 Q - a +4 ring of protection (right hand)
Wands
 j - a wand of mindburst (27)
 o - a wand of acid (7)
 E - a wand of charming (4)
 O - a wand of iceblast (44)
 P - a wand of flame (45)
 W - a wand of digging (17)
 X - a wand of paralysis (19)
Scrolls
 d - 13 scrolls of identify
 h - 2 scrolls of blinking
 l - 7 scrolls of fog
 m - 8 scrolls of fear
 n - 6 scrolls of magic mapping
 t - 13 scrolls of teleportation
 D - 2 scrolls of silence
 G - a scroll of immolation
 U - 2 scrolls of poison
Potions
 i - 6 potions of heal wounds
 k - 10 potions of curing
 r - a potion of brilliance
 s - 2 potions of magic
 u - 5 potions of haste
 w - 8 potions of might
 z - 2 potions of resistance
 I - 2 potions of cancellation
 M - 2 potions of ambrosia
Miscellaneous
 a - a lightning rod (4/4)
 c - a box of beasts
 y - a condenser vane


   Skills:
 + Level 10.4 Fighting
 * Level 14.0 Long Blades
 - Level 2.5(8.0) Axes
 - Level 11.8(12.0) Polearms
 + Level 2.3 Throwing
 + Level 13.0 Armour
 + Level 3.2 Dodging
 * Level 13.1 Stealth
 + Level 12.3 Shields
 * Level 11.8 Invocations
 * Level 10.0 Evocations


You had 16 spell levels left.
You didn't know any spells.
Your spell library contained the following spells:

 Spells                   Type           Power      Damage    Failure   Level
 Apportation              Tloc           0%         N/A       99%         1
 Magic Dart               Conj           0%         1d3       99%         1
 Necrotize                Necr           0%         1d4       99%         1
 Shock                    Conj/Air       0%         1d3       99%         1
 Slow                     Hex            0%         N/A       99%         1
 Summon Small Mammal      Summ           0%         N/A       99%         1
 Blink                    Tloc           0%         N/A       99%         2
 Call Imp                 Summ           0%         N/A       99%         2
 Searing Ray              Conj           0%         2d4       99%         2
 Confusing Touch          Hex            0%         N/A       100%        3
 Dazzling Flash           Conj/Hex       0%         N/A       100%        3
 Mephitic Cloud           Conj/Pois/Air  0%         N/A       100%        3
 Swiftness                Air            0%         N/A       100%        3
 Tukima's Dance           Hex            0%         N/A       100%        3
 Vampiric Draining        Necr           0%         2d6       100%        3
 Airstrike                Air            0%         N/A       100%        4
 Animate Dead             Necr           0%         N/A       100%        4
 Fulminant Prism          Conj/Hex       0%         3d6       100%        4
 Hailstorm                Conj/Ice       0%         3d3       100%        4
 Ice Form                 Ice/Tmut       0%         N/A       100%        4
 Iskenderun's Mystic Bla  Conj/Tloc      0%         2d3       100%        4
 Passage of Golubria      Tloc           0%         N/A       100%        4
 Summon Lightning Spire   Summ/Air       0%         N/A       100%        4
 Agony                    Necr           0%         N/A       100%        5
 Alistair's Intoxication  Tmut/Pois      0%         N/A       100%        5
 Borgnjor's Vile Clutch   Necr/Erth      0%         N/A       100%        5
 Lee's Rapid Deconstruct  Erth           0%         3d5*      100%        5
 Manifold Assault         Tloc           0%         N/A       100%        5
 Silence                  Hex/Air        0%         N/A       100%        5
 Yara's Violent Unravell  Hex/Tmut       0%         3d3       100%        5
 Death Channel            Necr           0%         N/A       100%        6
 Eringya's Noxious Bog    Tmut/Pois      0%         N/A       100%        6
 Simulacrum               Ice/Necr       0%         N/A       100%        6
 Storm Form               Tmut/Air       0%         N/A       100%        7
 Maxwell's Capacitive Co  Air            0%         ∞         100%        8
 Shatter                  Erth           0%         3d5*      100%        9


Dungeon Overview and Level Annotations

Branches:
Dungeon (15/15)            Temple (1/1) D:5            Lair (6/6) D:11
 Shoals (0/4) Lair:2       Spider (4/4) Lair:4        Slime (0/5) Lair:6
    Orc (2/2) D:9             Elf (0/3) Orc:2        Vaults (0/5) D:14
 Depths (0/4) D:15          IceCv (visited)         Gauntlet (visited)

Altars:
Ashenzari
Cheibriados
Dithmenos
Elyvilon
Fedhas
Hepliaklqana
Kikubaaqudgha
Makhleb
Nemelex Xobeh
Qazlal
Ru
Trog
Uskayaw
Wu Jian
Xom
Yredelemnul
Zin
The Shining One
Beogh

Shops:
D:9 (   D:15 *=((   Orc:2 (([(


Innate Abilities, Weirdness & Mutations

Your life essence is reduced to manifest your ancestor. (-10% HP)
You are immune to sickness and miasma.
Your stone body is resilient. (AC +12)
You are immune to poison.
Your large and strong wings let you fly.
You resist negative energy. (rN+)
You are resistant to electric shocks. (rElec)
You are resistant to unholy torment.
You are immune to petrification.
You have sharp fingernails.
You are occasionally teleported next to monsters.


Message History

The moth of wrath goads the steelbarb worm on!
The steelbarb worm goes berserk!
The moth of wrath goads the steelbarb worm on!
The steelbarb worm goes berserk!
The steelbarb worm completely misses you.
The wolf spider hits you but does no damage.
You block the wolf spider's attack.
The steelbarb worm hits you but does no damage.
The boulder beetle bites you!
The boulder beetle curls into a ball and begins rolling!
The demonic crawler completely misses you.
The demonic crawler hits you. x2
The boulder beetle curls into a ball and begins rolling!
The boulder beetle bites you but does no damage.
The steelbarb worm hits you but does no damage.
The wolf spider hits you but does no damage.
The wolf spider bites you! The steelbarb worm hits you!!
Barbed spikes become lodged in your body.
The entropy weaver casts a spell at you.
The entropic weave corrodes you!
The boulder beetle leaps!
You hear an angry hiss.
There is a stone staircase leading up here.
The barbs in your skin will harm you if you move.
Continue?
You hear an angry hiss.
The steelbarb worm hits you but does no damage.
The steelbarb worm misses you.
The demonic crawler hits you but does no damage.
The demonic crawler completely misses you.
The demonic crawler hits you but does no damage.
The wolf spider hits you! You block the wolf spider's attack.
The boulder beetle bites you.
* * * LOW HITPOINT WARNING * * *
The entropy weaver points at you and mumbles some strange words.
The entropic weave corrodes you!
The steelbarb worm hits you but does no damage.
The steelbarb worm hits you!
* * * LOW HITPOINT WARNING * * *
Barbed spikes become lodged in your body.
The barbed spikes dig painfully into your body as you move.
You die...

.$....^...##.
#.#...........B.
....^....°......
........°......
.^...#.B.....#
##...#B°°B..#
^..Bywss...#
...^sw@B..##
.....#.R^.#
....^..^..#
^.....#...#
......#/..#
..#.#.#....
#.#.#..... #....


You could see the friendly Lucia the battlemage, 4 boulder beetles, an entropy
weaver, 2 steelbarb worms, a demonic crawler (ally target), a wolf spider, a
moth of wrath and a redback.

Vanquished Creatures
  A tentacled starspawn (Abyss:2)
  Kirke (Lair:4)
  A ghost moth (Spider:3)
  An orc warlord (Orc:2)
  The ghost of enile the Fighter, a journeyman MeCA of Ignis (D:11)
  A reaper (IceCv)
  2 entropy weavers (Spider:3)
  An entropy weaver (shapeshifter) (D:15)
  An ettin (Orc:1)
  2 boulder beetles
  A vault guard (D:14)
  An ogre mage (D:13)
  A boulder beetle (shapeshifter) (D:10)
  8 hydras
  4 centaur warriors
  2 death yaks (Lair:4)
  10 two-headed ogres
  An orc high priest (Orc:1)
  2 tengu warriors (D:14)
  A wretched star (Abyss:2)
  2 pharaoh ants
  3 steelbarb worms
  A skeletal warrior (D:14)
  3 orc knights
  4 wizards
  2 deep elf pyromancers (D:10)
  5 orc sorcerers
  2 wolf spiders
  6 ugly things (D:15)
  A cyclops (D:15)
  A centaur zombie (D:15)
  A moth of wrath (Gauntlet)
  5 elephants
  A merfolk siren (Lair:2)
  A black mamba (Lair:2)
  An ice statue (IceCv)
  A centaur skeleton (D:15)
  A gargoyle (D:11)
  7 cane toads
  2 efreet
  4 rime drakes
  An unseen horror (D:10)
  An anaconda simulacrum (IceCv)
  A freezing wraith (D:15)
  7 komodo dragons
  3 entropy weaver simulacra (IceCv)
  4 demonic crawlers
  4 trolls
  A hornet (D:12)
  8 polar bears
  3 dream sheep (Lair:5)
  An ettin zombie (Abyss:2)
  2 raiju
  7 blink frogs
  3 tarantellas
  A large abomination (Abyss:2)
  13 slime creatures
  4 jumping spiders
  A centaur simulacrum (D:15)
  Sigmund (D:6)
  A shadow (D:11)
  46 yaks
  A culicivora (Spider:2)
  3 wraiths
  A dire elephant simulacrum (IceCv)
  2 ynoxinuls (D:15)
  2 wyverns
  A basilisk (Lair:5)
  A fire bat (shapeshifter) (D:13)
  A death yak simulacrum (IceCv)
  A steam dragon (D:7)
  2 vampire mosquitoes (D:14)
  6 wargs
  4 redbacks
  A harpy simulacrum (IceCv)
  10 hell hounds (Lair:6)
  11 water moccasins
  18 orc warriors
  A sky beast (D:7)
  7 black bears
  2 swamp drakes (Lair:6)
  7 ogres
  3 centaurs
  16 wolves
  A phantom (D:5)
  A kobold brigand (D:8)
  2 bullfrogs
  A gnoll sergeant (D:7)
  4 scorpions
  2 necrophages
  A hornet simulacrum (D:14)
  4 wights
  4 killer bees
  2 howler monkeys (D:7)
  2 electric eels
  2 hounds
  11 orc priests
  7 iguanas
  Ijyb (D:3)
  22 orc wizards
  A spriggan simulacrum (IceCv)
  A human simulacrum (D:9)
  9 gnolls
  12 adders
  A white imp (D:5)
  A worm (D:1)
  3 dart slugs
  61 orcs
  4 bats
  2 endoplasms (D:1)
  A giant cockroach (D:4)
  12 goblins
  11 hobgoblins
  3 jackals (D:3)
  10 kobolds
  2 quokkas
  3 ball pythons
  3 frilled lizards
  A rat (D:1)
  3 starspawn tentacles (Abyss:2)
522 creatures vanquished.

Vanquished Creatures (collateral kills)
  Arachne (Spider:2)
  Frances (Spider:2)
  A tentacled starspawn (Abyss:2)
  Gastronok (Lair:2)
  An emperor scorpion (Spider:3)
  A minotaur (Gauntlet)
  A spark wasp (Spider:1)
  A fire dragon (Lair:6)
  A rakshasa (D:14)
  A catoblepas (Lair:6)
  A boulder beetle (D:14)
  4 hydras
  A radroach (Spider:2)
  3 two-headed ogres
  2 ogre magi
  4 death yaks (Lair:4)
  A thrashing horror (Abyss:2)
  2 tengu warriors (D:14)
  An orc high priest (Orc:2)
  The ghost of royokou the Grappler, a novice TrFi of Okawaru (D:8)
  A pharaoh ant (Spider:2)
  A swamp dragon (Lair:6)
  2 orb spiders (Spider:1)
  3 steelbarb worms
  A necromancer (D:15)
  An orc knight (Orc:1)
  2 orc sorcerers
  A cyclops (D:15)
  A wolf spider (Spider:1)
  3 ugly things (D:15)
  A moth of wrath (Spider:3)
  A manticore (D:12)
  An ice statue (IceCv)
  4 elephants
  A black mamba (Lair:5)
  2 merfolk sirens (Lair:2)
  An apocalypse crab (Abyss:2)
  3 torpor snails
  6 rime drakes
  2 centaur skeletons (D:15)
  8 cane toads
  3 demonic crawlers
  Maggie (Lair:1)
  3 komodo dragons
  An unseen horror (D:10)
  An anaconda simulacrum (IceCv)
  A freezing wraith (D:10)
  A yaktaur (shapeshifter) (Abyss:2)
  5 ice devils (IceCv)
  A merfolk (Lair:2)
  An entropy weaver simulacrum (IceCv)
  8 trolls
  7 polar bears
  3 hornets
  2 tarantellas (Spider:3)
  Prince Ribbit (Lair:2)
  15 blink frogs
  2 slime creatures (D:13)
  3 dream sheep (Lair:5)
  7 jumping spiders
  2 spriggans (D:12)
  3 hogs (Lair:4)
  A shadow (D:12)
  A basilisk (D:12)
  42 yaks
  3 culicivoras
  A wyvern (D:9)
  2 wraiths
  A vampire (D:9)
  2 vampire mosquitoes
  A dire elephant simulacrum (IceCv)
  A golden eye (Abyss:2)
  14 redbacks
  4 steam dragons
  3 wargs
  A death yak simulacrum (IceCv)
  A harpy simulacrum (IceCv)
  2 acid dragons (D:11)
  6 hell hounds (Lair:6)
  5 water moccasins
  A sky beast (D:8)
  19 orc warriors
  5 black bears (Lair:6)
  3 ogres
  A boggart (D:14)
  12 wolves
  A centaur (D:13)
  A kobold brigand (D:10)
  5 bullfrogs
  A gnoll sergeant (D:8)
  5 wights
  3 killer bees
  An elephant simulacrum (IceCv)
  3 electric eels
  2 jellies (Lair:6)
  7 orc priests (Orc:2)
  2 iguanas (Lair:6)
  12 orc wizards
  A human simulacrum (D:9)
  7 gnolls
  A white imp (IceCv)
  An ufetubus (IceCv)
  30 orcs
  2 butterflies (Lair:2)
  3 starspawn tentacles (Abyss:2)
367 creatures vanquished.

Vanquished Creatures (others)
  Nessos (D:12)
  An unseen horror (D:12)
  3 humans (Lair:4)
  An ogre (Orc:2)
  31 battlemagi
  2 orc wizards (D:12)
  An iguana (Lair:6)
  An orc (Orc:2)
  9 fungi
  65 plants
  A starspawn tentacle (Abyss:2)
116 creatures vanquished.

Grand Total: 1005 creatures vanquished

Notes
Turn   | Place    | Note
-------+----------+-------------------------------------------
     0 | D:1      | jlumianski the Gargoyle Fighter began the quest for the
                  | Orb.
     0 | D:1      | Reached XP level 1. HP: 14/14 MP: 1/1
    62 | D:1      | Reached XP level 2. HP: 13/19 MP: 2/2
   343 | D:1      | Found a faded altar of an unknown god.
   436 | D:1      | Reached XP level 3. HP: 2/23 MP: 3/3
   938 | D:2      | Identified the +9 spear "Metwuesk" {drain, rF+ Int+5 Dex-2
                  | Stlth+}
  1455 | D:2      | Reached XP level 4. HP: 29/29 MP: 4/4
  1622 | D:3      | Reached XP level 5. HP: 34/34 MP: 5/5
  1726 | D:3      | Reached skill level 1 in Polearms
  1792 | D:3      | Noticed Ijyb
  1803 | D:3      | Killed Ijyb
  2034 | D:5      | Entered Level 5 of the Dungeon
  2085 | D:4      | Reached XP level 6. HP: 40/40 MP: 6/6
  2108 | D:4      | Found a shimmering altar of Xom.
  2389 | D:5      | Reached XP level 7. HP: 44/44 MP: 7/7
  3416 | D:5      | Found a staircase to the Ecumenical Temple.
  3422 | Temple   | Entered the Ecumenical Temple
  3467 | Temple   | Became a worshipper of Hepliaklqana the Forgotten
  3653 | D:5      | Identified a scroll of acquirement
  3653 | D:5      | Acquired a +0 pair of boots of stealth
  3696 | D:5      | Reached skill level 5 in Fighting
  3709 | D:6      | Reached skill level 5 in Polearms
  3709 | D:6      | Reached skill level 1 in Stealth
  3800 | D:6      | Reached XP level 8. HP: 49/49 MP: 8/8
  3817 | D:6      | Noticed Sigmund
  3821 | D:6      | Reached skill level 5 in Armour
  3825 | D:6      | Killed Sigmund
  3969 | D:7      | Reached * piety under Hepliaklqana
  4142 | D:6      | Reached skill level 1 in Invocations
  4515 | D:7      | Reached XP level 9. HP: 48/48 MP: 9/9
  4549 | D:7      | Reached skill level 1 in Evocations
  4767 | D:7      | Reached ** piety under Hepliaklqana
  4768 | D:7      | Remembered your ancestor Lucia as a battlemage
  4833 | D:7      | Noticed a hornet
  4839 | D:7      | Killed a hornet
  5140 | D:8      | Reached XP level 10. HP: 54/54 MP: 12/12
  5211 | D:8      | Noticed a two-headed ogre
  5214 | D:8      | Noticed a two-headed ogre
  5239 | D:7      | Reached skill level 5 in Stealth
  5383 | D:8      | Killed a two-headed ogre
  5384 | D:8      | Reached skill level 5 in Shields
  5389 | D:8      | Killed a two-headed ogre
  5549 | D:8      | Found a runed translucent door.
  5567 | D:8      | Noticed royokou's ghost (novice TrFi)
  5806 | D:9      | Found Yrriquk's Weapon Shoppe.
  6166 | D:8      | Killed royokou's ghost
  6167 | D:8      | Reached skill level 1 in Throwing
  6364 | D:9      | Found a staircase to the Orcish Mines.
  6456 | D:10     | Entered Level 10 of the Dungeon
  6501 | D:9      | Reached XP level 11. HP: 50/57 MP: 14/14
  6502 | D:9      | Reached skill level 1 in Dodging
  6679 | D:9      | Reached skill level 5 in Invocations
  6693 | D:9      | Reached skill level 10 in Polearms
  6759 | D:9      | Reached *** piety under Hepliaklqana
  7163 | D:10     | Noticed a two-headed ogre
  7174 | D:10     | Killed a two-headed ogre
  7210 | D:10     | Noticed a centaur warrior
  7210 | D:10     | Noticed a centaur warrior
  7251 | D:10     | Killed a centaur warrior
  7259 | D:10     | Killed a centaur warrior
  7379 | D:11     | Identified the +0 ring mail "Saxki" {rPois}
  7383 | D:11     | Noticed a two-headed ogre
  7390 | D:11     | Killed a two-headed ogre
  7454 | D:11     | Noticed a seven-headed hydra
  7495 | D:10     | Killed a seven-headed hydra
  7603 | D:10     | Noticed a boulder beetle
  7631 | D:10     | Noticed a deep elf pyromancer
  7755 | D:11     | Reached XP level 12. HP: 63/63 MP: 16/16
  7841 | D:10     | Gained mutation: You have a pair of small horns on your
                  | head. [potion of mutation]
  7841 | D:10     | Gained mutation: You have an increased reservoir of magic.
                  | (+10% MP) [potion of mutation]
  7875 | D:10     | Reached skill level 5 in Evocations
  8169 | D:10     | Killed a boulder beetle
  8298 | D:10     | Noticed a boulder beetle
  8318 | D:10     | Killed a boulder beetle
  8647 | D:11     | Found a staircase to the Lair.
  8993 | D:11     | Reached **** piety under Hepliaklqana
  9239 | D:12     | Noticed Nessos
  9269 | D:12     | Killed Nessos
  9680 | D:12     | Reached XP level 13. HP: 68/68 MP: 20/20
  9843 | D:12     | Found a runed translucent door.
  9846 | D:12     | Noticed enile's ghost (journeyman MeCA)
  9848 | D:12     | Identified the +2 spear of Uskayaw's Grace {vamp, rElec
                  | Will+ SInv}
 10066 | D:11     | Killed enile's ghost
 10536 | D:13     | Found the +2 Maxwell's thermic engine {flame, freeze}
 11236 | D:13     | Reached skill level 10 in Armour
 11478 | D:13     | Found a blossoming altar of Fedhas.
 11560 | D:13     | Reached skill level 1 in Long Blades
 12070 | D:14     | Noticed a rakshasa
 12099 | D:14     | Killed a rakshasa
 12100 | D:14     | Reached skill level 2 in Long Blades
 12388 | D:14     | Reached ***** piety under Hepliaklqana
 12484 | D:14     | Noticed a vault guard
 12754 | D:14     | Killed a vault guard
 12755 | D:14     | Reached skill level 10 in Stealth
 12779 | D:14     | Found a gate to the Vaults.
 12883 | D:14     | Gained mutation: Your large and strong wings let you fly.
                  | [Gargoyle growth]
 12883 | D:14     | Reached XP level 14. HP: 75/75 MP: 22/22
 13261 | D:15     | Entered Level 15 of the Dungeon
 13326 | D:15     | Found Xohut's Antique Weapon Shop.
 13356 | D:15     | Paralysed by an ogre mage for 2 turns
 13501 | D:15     | Reached skill level 3 in Long Blades
 13526 | D:15     | Noticed an entropy weaver
 13526 | D:15     | a death yak changed into an entropy weaver
 13537 | D:15     | Killed an entropy weaver
 14562 | D:15     | Found Rokhla's Assorted Antiques.
 14578 | D:15     | Bought a scroll of identify for 52 gold pieces
 14578 | D:15     | Bought 2 potions of heal wounds for 260 gold pieces
 14809 | D:15     | Found Wuec's Weapon Boutique.
 14829 | D:15     | Found Ciec's Jewellery Shoppe.
 14947 | D:15     | Cast into level 2 of the Abyss (a wizard)
 14954 | Abyss:2  | Noticed a tentacled starspawn
 14966 | Abyss:2  | Killed a tentacled starspawn
 15167 | Abyss:2  | Noticed a tentacled starspawn
 15176 | Abyss:2  | Killed a tentacled starspawn
 15229 | Abyss:2  | Noticed a bone dragon
 15254 | D:15     | Escaped the Abyss
 15440 | D:15     | Found a staircase to the Depths.
 15455 | D:15     | Reached skill level 4 in Long Blades
 16033 | Lair:1   | Entered Level 1 of the Lair of Beasts
 16163 | Orc:1    | Entered Level 1 of the Orcish Mines
 16184 | Orc:1    | Gained mutation: You are occasionally teleported next to
                  | monsters. [a neqoxec]
 16389 | Orc:1    | Reached skill level 10 in Shields
 16791 | Orc:2    | Entered Level 2 of the Orcish Mines
 17399 | Orc:2    | Found Hilanu's Weapon Boutique.
 17446 | Orc:2    | Reached XP level 15. HP: 35/80 MP: 24/24
 17712 | Orc:2    | Found a staircase to the Elven Halls.
 17989 | Orc:2    | Noticed an orc warlord
 18333 | Orc:2    | Killed an orc warlord
 18523 | Orc:2    | Found Ibihunt's Antique Weapon Shop.
 18525 | Orc:2    | Found Didarel's Antique Armour Boutique.
 18587 | Orc:2    | Found Paisaell's Weapon Shoppe.
 19138 | Lair:1   | Noticed Maggie
 19144 | Lair:1   | Found a hide-covered altar of Uskayaw.
 19150 | Lair:1   | Killed Maggie
 19510 | Lair:1   | Acquired a manual of Long Blades
 19978 | Lair:2   | Found a staircase to the Shoals.
 19986 | Lair:2   | Reached skill level 10 in Invocations
 19993 | Lair:2   | Reached skill level 5 in Long Blades
 20449 | Lair:2   | Noticed Prince Ribbit
 20455 | Lair:2   | Killed Prince Ribbit
 20592 | Lair:2   | Noticed Gastronok
 20603 | Lair:2   | Killed Gastronok
 20764 | Lair:2   | Reached skill level 6 in Long Blades
 21451 | Lair:3   | Found a runed translucent door.
 21751 | Lair:3   | Reached skill level 7 in Long Blades
 22103 | Lair:4   | Found a gate leading to a gauntlet.
 22115 | Gauntlet | Entered a Gauntlet
 22115 | Gauntlet | Found a transporter.
 22163 | Gauntlet | Found a transporter.
 22166 | Gauntlet | Found a transporter.
 22167 | Gauntlet | Found a transporter.
 22175 | Gauntlet | Found a transporter.
 22178 | Gauntlet | Found a transporter.
 22179 | Gauntlet | Found a transporter.
 22187 | Gauntlet | Found a transporter.
 22190 | Gauntlet | Found a transporter.
 22191 | Gauntlet | Found a transporter.
 22197 | Gauntlet | Found a runed translucent gate.
 22199 | Gauntlet | Found a transporter.
 22200 | Gauntlet | Found a runed translucent gate.
 22201 | Gauntlet | Found a runed translucent gate.
 22202 | Gauntlet | Found a transporter.
 22203 | Gauntlet | Found a transporter.
 22211 | Gauntlet | Found a transporter.
 22629 | Gauntlet | Got the Papyrus of Displacement and Earth
 22711 | Lair:4   | Found a hole to the Spider Nest.
 22870 | Lair:4   | Reached skill level 8 in Long Blades
 23086 | Lair:4   | Noticed Kirke
 23097 | Lair:4   | Killed Kirke
 23299 | Lair:4   | Reached XP level 16. HP: 51/86 MP: 26/26
 23318 | Lair:4   | Reached skill level 9 in Long Blades
 23813 | Lair:5   | Reached ****** piety under Hepliaklqana
 23891 | Lair:5   | Upgraded the game from 0.29-a0-542-g075992c915 to
                  | 0.29-a0-551-gffc1d7fb78
 23913 | Lair:5   | Found a frozen archway.
 23930 | IceCv    | Entered an ice cave
 25170 | D:11     | Lost mutation: You have a pair of small horns on your head.
                  | [potion of mutation]
 25170 | D:11     | Lost mutation: You are occasionally teleported next to
                  | monsters. [potion of mutation]
 25170 | D:11     | Lost mutation: You have an increased reservoir of magic.
                  | (+10% MP) [potion of mutation]
 25170 | D:11     | Gained mutation: You are occasionally teleported next to
                  | monsters. [potion of mutation]
 25170 | D:11     | Gained mutation: You have sharp fingernails. [potion of
                  | mutation]
 25320 | Lair:5   | Reached skill level 10 in Long Blades
 25680 | Lair:5   | Identified the -2 pair of boots of Poor Excuses {Will+
                  | Str+5}
 25851 | Lair:6   | Entered Level 6 of the Lair of Beasts
 26526 | Lair:6   | Reached skill level 11 in Long Blades
 27055 | Lair:6   | Found a staircase to the Slime Pits.
 27351 | Lair:6   | Reached skill level 10 in Fighting
 27693 | Lair:6   | Reached skill level 12 in Long Blades
 28694 | Spider:1 | Entered Level 1 of the Spider Nest
 28813 | Spider:1 | Reached XP level 17. HP: 82/91 MP: 25/25
 29615 | Spider:2 | Reached skill level 13 in Long Blades
 29690 | Spider:2 | Noticed Frances
 29699 | Spider:2 | Killed Frances
 29958 | Spider:2 | Noticed Arachne
 29973 | Spider:2 | Killed Arachne
 31256 | Spider:4 | Entered Level 4 of the Spider Nest
 31274 | Spider:3 | Reached skill level 14 in Long Blades
 31274 | Spider:3 | Reached skill level 10 in Evocations
 31327 | Spider:4 | Succumbed to barbed spike wounds

Illustrated notes

Levels and vault maps discovered:
D:1:      lightli_arrival_farm, layout_rooms,
          shapermc_ecumenical_altar_mp_vishouse, minmay_cupped
D:2:      cheibrodos_greedy_goblins, layout_basic
D:3:      layout_basic, uniq_ijyb
D:4:      layout_loops_corners, mainiacjoe_overflow_24_doors
D:5:      layout_rooms, minmay_temple_entry_nine_rooms
D:6:      layout_gridville, uniq_sigmund
D:7:      minmay_flawed_box, layout_cave_pools, chequers_serial_rivers_large_b,
          serial_bayou_lake_a
D:8:      layout_basic, hellmonk_ghost_happy_afterlife
D:9:      layout_stronghold, orc_0_dummy, serial_shops,
          nicolae_inconvenience_store, bh_circular_ruins
D:10:     minmay_the_grid_octo_triangle [minmay_the_grid_octo_checkered,
          minmay_the_grid_octo_prize_ultimate_mussel_roller,
          minmay_the_grid_octo_focus], layout_stronghold
D:11:     layout_small_grid, lair_entry_dummy
D:12:     layout_basic, ebering_ghost_funeral_grove, uniq_nessos
D:13:     layout_loops_ring, fedhas_altar_4
D:14:     layout_long_grid, david_vaults_5, minmay_misc_feat_square
D:15:     grunt_enter_depths_magical_seal, layout_basic, serial_shops,
          nicolae_square_shop, nicolae_shop_crystal,
          nicolae_shop_overgrown_old_shop, shop, minmay_misc_feat_hallway,
          minmay_misc_feat_cross, grunt_ministairs_11
Temple:   regret_index_temple_sigil_plot
Lair:1:   layout_cave_shapes, basic_altar, beast_lair_carwin_10,
          grunt_megastairs_1, uniq_maggie
Lair:2:   layout_cave_pods, elwin_shoals_entry_stream,
          nicolae_quartered_pool_little, serial_bayou_shore_b,
          lemuel_fruit_fields, serial_bayou_shore_a, uniq_gastronok,
          uniq_prince_ribbit2
Lair:3:   hellmonk_ruined_rings, layout_misc_corridors,
          grunt_forest_small_clearings, pf_torpor_hydra
Lair:4:   layout_misc_corridors, spider_nest_entry_web_field,
          gauntlet_entry_generic, nicolae_lair_grazing_beasts
          [nicolae_sub_lair_graze_edge, nicolae_sub_lair_graze_edge,
          nicolae_sub_lair_graze_edge, nicolae_sub_lair_graze_edge], uniq_kirke
Lair:5:   layout_regular_city, portal_ice_cave_rime
Lair:6:   guppyfry_lair_end_dragon, layout_long_grid,
          hangedman_lair_caniforms_friends, minmay_slime_entry_pillars,
          st_stairs_6, grunt_megastairs_2
Spider:1: layout_spider_delve
Spider:2: layout_spider_delve, hellmonk_narrow_tunnel, uniq_arachne,
          uniq_frances
Spider:3: layout_spider_delve
Spider:4: hellmonk_spider_rune_bug_friends, uniq_aizul, uniq_mara, uniq_asterion
Orc:1:    layout_diamond_mine
Orc:2:    grunt_orc_community_town_hall, layout_caves,
          grunt_orc_community_big_house_1, grunt_orc_community_big_house_1,
          grunt_orc_community_house_2, grunt_orc_community_house_1,
          grunt_orc_community_house_2, grunt_orc_community_house_2,
          grunt_orc_community_house_3, grunt_orc_community_house_1

Skill      XL: |  1  2  3  4  5  6  7  8  9 10 11 12 13 14 15 16 17 |
---------------+----------------------------------------------------+-----
Axes           | 2 |  2.5
Fighting       | 4 5 6 7 8 9 10 | 10.4
Armour         | 4 5 6 7 8 9 10 11 12 13 | 13.0
Polearms       | 2 3 5 7 8 9 10 11 | 11.8
Shields        | 4 5 6 7 9 10 11 12 | 12.3
Stealth        | 1 3 4 6 7 8 10 11 12 13 | 13.1
Invocations    | 1 3 4 5 7 8 9 10 11 | 11.8
Evocations     | 2 3 4 5 7 8 9 10 | 10.0
Throwing       | 1 2 |  2.3
Dodging        | 1 2 3 |  3.2
Long Blades    | 2 4 8 12 14 | 14.0

Action                   |  1- 3 |  4- 6 |  7- 9 | 10-12 | 13-15 | 16-18 || total
-------------------------+-------+-------+-------+-------+-------+-------++-------
Melee: War axe           |    49 |       |       |       |       |       ||    49
       Spear             |     7 |   129 |   191 |   430 |   829 |       ||  1586
       Headbutt          |       |       |       |    37 |   223 |    27 ||   287
       Double sword      |       |       |       |       |   186 |   548 ||   734
Throw: Stone             |     7 |       |       |       |       |       ||     7
       Dart              |       |       |     4 |    19 |     5 |     6 ||    34
Invok: Ancestor Life: Ba |       |       |     1 |       |       |       ||     1
       Recall Ancestor   |       |       |       |       |     7 |     5 ||    12
       Idealise          |       |       |       |       |     1 |     1 ||     2
Evoke: Wand              |       |       |     1 |       |     1 |       ||     2
       Box of beasts     |       |       |       |       |     2 |     1 ||     3
       Lightning rod     |       |       |       |       |       |     1 ||     1
       Condenser vane    |       |       |       |       |       |     1 ||     1
  Use: Potion            |     1 |     1 |       |     3 |     3 |     2 ||    10
       Scroll            |       |     5 |    12 |     7 |    11 |     4 ||    39
 Stab: Distracted        |       |       |       |     5 |    13 |     9 ||    27
       Sleeping          |       |       |       |       |     5 |     1 ||     6
       Invisible         |       |       |       |       |     1 |       ||     1
Armor: Scale mail        |     8 |       |       |       |       |       ||     8
       Chain mail        |    28 |    81 |     1 |    79 |   268 |       ||   457
       Plate armour      |       |       |    89 |   182 |   211 |   534 ||  1016
Dodge: Dodged            |    37 |    39 |    33 |   106 |   226 |   227 ||   668
Block: Buckler           |    14 |    23 |    15 |       |       |       ||    52
       Kite shield       |       |       |    23 |   180 |   689 |   617 ||  1509
       Reflection        |       |       |       |     3 |    24 |    10 ||    37

Table legend: (Time is in decaauts)
 A = Elapsed time spent in this place.
 B = Non-inter-level travel time spent in this place.
 C = Inter-level travel time spent in this place.
 D = Time resting spent in this place.
 E = Time spent auto-exploring this place.
 F = Levels seen in this place.
 G = Mean time per level.
                   A        B        C        D        E       F      G
               +--------+--------+--------+--------+--------+-----+--------+
         Total |  31158 |  29714 |   1444 |   3837 |  16285 |  31 | 1005.1 |
       Dungeon |  16058 |  15150 |    908 |   2200 |   7966 |  15 | 1070.5 |
        Temple |     62 |     62 |      0 |      0 |     25 |   1 |   62.0 |
          Lair |   7933 |   7443 |    490 |    826 |   4488 |   6 | 1322.2 |
   Spider Nest |   2627 |   2627 |      0 |     48 |   1954 |   4 |  656.8 |
  Orcish Mines |   2746 |   2702 |     44 |    314 |   1589 |   2 | 1373.0 |
         Abyss |    284 |    284 |      0 |     16 |     67 |   1 |  284.0 |
      Ice Cave |    922 |    922 |      0 |    279 |    196 |   1 |  922.0 |
      Gauntlet |    524 |    524 |      0 |    154 |      0 |   1 |  524.0 |
               +--------+--------+--------+--------+--------+-----+--------+

Top non-repeatable levels by time:
    D:15: 2360 daAuts
  Lair:6: 2064 daAuts
   Orc:2: 1812 daAuts
    D:14: 1570 daAuts
    D:10: 1526 daAuts
  Lair:2: 1398 daAuts
    D:11: 1349 daAuts
  Lair:4: 1312 daAuts
  Lair:5: 1285 daAuts
    D:12: 1163 daAuts
     D:9: 1099 daAuts
     D:1: 1076 daAuts
     D:4: 1064 daAuts
    D:13: 1015 daAuts
  Lair:1: 961 daAuts
